AoeStats
← MFL91

Arabia

509412939Analyzed
1v1 RM · 7d ago on Sep 26, 2026· 64m 23s· 2 players
Game mode
Random Map
Map size
Tiny (2 player)
Population
200
Speed
Normal
Resources
Standard
Victory
Conquest
Starting age
Dark Age
Ending age
Imperial Age
RankedLock teamsTeams togetherTeam positionsShared explorationLock speedFull tech treeHidden civsTurbo modeCheats
Victory
Defeat
🇦🇪 Gurjaras · United Arab Emirates
1351
+18
🇪🇸 Burgundians · Spain
1385
-18
MFL91
5:57 Loom
8:24 Feudal Age
16:49 Fletching
18:14 Horse Collar
26:38 Castle Age
26:38 Bloodlines
26:35 Scale Barding Armor
26:41 Forging
29:09 Chain Barding Armor
29:29 Iron Casting
34:52 Ballistics
38:45 Bodkin Arrow
38:49 Murder Holes
42:53 Imperial Age
41:21 Guard Tower
42:34 Husbandry
43:07 Heavy Camel Rider
44:29 Chain Barding Armor
48:12 Plate Barding Armor
48:25 Bracer
49:36 Chemistry
50:02 Light Cavalry
52:32 Padded Archer Armor
53:43 Hussar
55:11 Wheelbarrow
54:21 Town Watch
54:52 Heavy Plow
54:35 Siege Elephant
56:25 Hand Cart
56:10 Town Patrol
60:22 Leather Archer Armor
59:29 Elite Skirmisher
60:57 Keep
60:35 Masonry
VoyLoco
9:30 Loom
12:25 Feudal Age
17:32 Castle Age
18:17 Cavalier
20:09 Horse Collar
20:27 Double-Bit Axe
27:12 Wheelbarrow
26:46 Horse Collar
27:29 Husbandry
28:19 Bow Saw
28:34 Scale Barding Armor
28:42 Town Watch
30:16 Forging
31:30 Squires
34:06 Scale Mail Armor
35:33 Iron Casting
39:17 Imperial Age
37:08 Chain Mail Armor
37:57 Padded Archer Armor
38:17 Hand Cart
38:27 Arson
41:51 Chemistry
42:14 Leather Archer Armor
43:05 Conscription
44:24 Fletching
50:43 Gold Mining
51:56 Plate Mail Armor
53:54 Light Cavalry
55:42 Blast Furnace
55:59 Chain Barding Armor
56:36 Bodkin Arrow
63:45 Stone Mining
Connection lost

Rejoining the realm…

Still unreachable

The connection could not be restored.

Session expired

The server has moved on; the page needs a fresh start.